 Dungeon Crawl Stone Soup version 0.31-a0-236-g9a0961fb85 (webtiles) character file.

Game seed: 9286839919120586328

517 miscthings the Magician (level 7, -1/67 HPs)
             Began as a Djinni Conjurer on June 5, 2023.
             Slain by a mummy (6 damage)
             ... in an ossuary on July 10, 2023.
             The game lasted 00:06:47 (1139 turns).

miscthings the Magician (Djinni Conjurer)           Turns: 1139, Time: 00:06:48

Health: -1/67      AC:  2    Str:  6    XL:     7   Next: 44%
Gold:   208        EV: 12    Int: 28    God:
                   SH:  0    Dex: 11

rFire   + + .        (no weapon)
rCold   x . .        (no shield)
rNeg    . . .        a - +0 robe
rPois   ∞            (no helmet)
rElec   .            (no cloak)
rCorr   .            (no gloves)
SInv    .            (boots unavailable)
Will    .....        (no amulet) Stlth
                     f - +6 ring of intelligence
HPRegen 0.31/turn    (no ring)
MPRegen 0.00/turn

%: infuse magic (-2 HP)
@: berserking, flying, very quick
A: sickness immunity, fire resistance 2, cold vulnerability 1, float, innate
caster, HP casting, extra vitality 1
a: no special abilities


You were in an ossuary.
You visited 1 branch of the dungeon, and saw 4 of its levels.
You also visited: Ossuary.

You collected 208 gold pieces.

Inventory:

Armour
 a - a +0 robe (worn)
Jewellery
 f - a +6 ring of intelligence (left hand)
Scrolls
 b - 2 scrolls of summoning {unknown}
 d - 3 scrolls of teleportation {unknown}
 e - a scroll of blinking {unknown}
 h - 4 scrolls of identify {unknown}
 j - a scroll of revelation {unknown}
 k - a scroll of enchant weapon {unknown}
 l - a scroll of enchant armour {unknown}
Potions
 g - a potion of enlightenment {unknown}
 i - a potion of attraction {unknown}


   Skills:
 - Level 2.1 Dodging
 - Level 1.5 Stealth
 + Level 6.5 Spellcasting
 + Level 6.5 Conjurations
 + Level 6.5 Hexes
   Level 0.0 Charms
 + Level 6.5 Summonings
 + Level 6.5 Necromancy
 + Level 6.5 Translocations
 + Level 6.5 Transmutations
 + Level 6.5 Fire Magic
 + Level 6.5 Ice Magic
 + Level 6.5 Air Magic
 + Level 6.5 Earth Magic
 + Level 6.5 Poison Magic


You knew the following spells:

 Your Spells              Type           Power      Damage    Failure   Level
a - Searing Ray           Conj           90%        2d7       1%          2
b - Magic Dart            Conj           100%       1d8       1%          1
c - Dazzling Flash        Conj/Hex       90%        N/A       1%          3
d - Fulminant Prism       Conj/Hex       22%        3d12      4%          4
e - Iskenderun's Mystic   Conj/Tloc      45%        2d10      4%          4
f - Sting                 Tmut/Pois      100%       1d8       1%          1
g - Ensorcelled Hibernat  Hex/Ice        90%        N/A       1%          2
h - Static Discharge      Conj/Air       90%        2-6/arc   1%          2
Your spell library was empty.

Dungeon Overview and Level Annotations

Branches:
Dungeon (4/15)            Ossuary (1/1)
 Temple: D:4-7

Altars:
Hepliaklqana
Ru
The Shining One


Innate Abilities, Weirdness & Mutations

You are immune to sickness and miasma.
You are immune to poison.
Your flesh is very heat resistant. (rF++)
You are vulnerable to cold. (rC-)
You float through the air rather than walking.
You learn spells naturally, not from books.
Your magical power is your life essence.
You have superior vitality. (+4 MHP)


Message History

Press: ? - help, Shift-Dir - straight line, f - mummy
Aim: a mummy (91% to hit)
The searing ray hits the mummy!
The mummy is heavily damaged. (Press . to maintain the ray.)
* * * LOW HITPOINT WARNING * * *
A centaur zombie comes into view.
Okay, then.
It was a potion of berserk rage.
A red film seems to cover your vision as you go berserk!
You feel yourself moving faster!
You feel mighty!
You feel a strong urge to attack something.
You hit the centaur zombie.
The centaur zombie is lightly damaged.
The centaur zombie hits you but does no damage.
The centaur zombie kicks you but does no damage.
A mummy comes into view.
You punch the centaur zombie!
The centaur zombie is heavily damaged.
The centaur zombie hits you.
* * * LOW HITPOINT WARNING * * *
The centaur zombie kicks you but does no damage.
You punch the centaur zombie!
The centaur zombie is severely damaged.
The centaur zombie hits you but does no damage.
The centaur zombie kicks you.
* * * LOW HITPOINT WARNING * * *
You hit the centaur zombie.
The centaur zombie is almost destroyed.
The centaur zombie misses you. The centaur zombie kicks you.
* * * LOW HITPOINT WARNING * * *
You hit the centaur zombie but do no damage.
The centaur zombie is almost destroyed.
The centaur zombie hits you.
* * * LOW HITPOINT WARNING * * *
The centaur zombie misses you.
You hit the centaur zombie.
The centaur zombie is almost destroyed.
The mummy hits you.
You die...

#+# +..
#.#####
+.#M..#
###.'M∩.#
#.'.#Z@∩#
###.#####
+.M #.#


ZM# #Z' +.# #.# You could see 2 mummies and a centaur zombie.

Vanquished Creatures
  Grinder (D:3)
  A hornet zombie (Ossuary)
  A bullfrog zombie (Ossuary)
  Terence (D:3)
  Natasha (thrice) (D:3)
  5 mummies
  An adder (D:3)
  A worm (D:3)
  An orc (D:3)
  A bat (D:1)
  2 endoplasms
  2 giant cockroaches
  4 goblins
  2 hobgoblins
  3 jackals (D:3)
  A quokka (D:3)
  4 ball pythons
  A frilled lizard (D:3)
  4 kobolds
  2 rats (D:1)
41 creatures vanquished.

Vanquished Creatures (others)
  4 fulminant prisms (Ossuary)
4 creatures vanquished.

Grand Total: 45 creatures vanquished

Notes
Turn   | Place    | Note
-------+----------+-------------------------------------------
     0 | D:1      | miscthings the Djinni Conjurer began the quest for the Orb.
     0 | D:1      | miscthings set off with the following spells memorised:
                  | Magic Dart, Searing Ray, Dazzling Flash, Fulminant Prism,
                  | Iskenderun's Mystic Blast.
     0 | D:1      | Reached XP level 1. HP: 15/15 MP: 0/0
     0 | D:1      | Upgraded the game from 0.31-a0-145-g046c7d2549 to
                  | 0.31-a0-236-g9a0961fb85
     2 | D:1      | Noticed a minotaur
     2 | D:1      | Noticed an octopode
     4 | D:1      | Noticed a gargoyle
     4 | D:1      | Noticed a draconian
     6 | D:1      | Noticed a tengu
     6 | D:1      | Noticed a naga
     8 | D:1      | Noticed a human
     8 | D:1      | Noticed a spriggan
    10 | D:1      | Noticed a ghoul
    10 | D:1      | Noticed a vine stalker
    12 | D:1      | Noticed an ogre
    12 | D:1      | Noticed a troll
    14 | D:1      | Noticed an armataur
    16 | D:1      | Noticed a demonspawn
    16 | D:1      | Noticed an elf
    18 | D:1      | Noticed a vampire
    18 | D:1      | Noticed a demigod
    20 | D:1      | Noticed a meteoran
    20 | D:1      | Noticed a felid
    22 | D:1      | Noticed a merfolk
    24 | D:1      | Noticed an elf
    26 | D:1      | Noticed a ghoul
    26 | D:1      | Noticed a ghoul
    52 | D:1      | Reached XP level 2. HP: 14/21 MP: 0/0
   443 | D:2      | You are sucked into a shaft and drop 1 floor!
   452 | D:3      | Reached XP level 3. HP: 20/25 MP: 0/0
   452 | D:3      | Learned a level 1 spell: Sting
   507 | D:3      | Noticed Natasha
   511 | D:3      | Killed Natasha
   512 | D:3      | Reached XP level 4. HP: 24/31 MP: 0/0
   512 | D:3      | Noticed Terence
   524 | D:3      | Killed Terence
   609 | D:3      | Noticed Natasha
   612 | D:3      | Killed Natasha
   613 | D:3      | Reached XP level 5. HP: 15/35 MP: 0/0
   613 | D:3      | Learned a level 2 spell: Ensorcelled Hibernation
   633 | D:3      | Noticed Natasha
   640 | D:3      | Killed Natasha
   641 | D:3      | Reached skill level 5 in Spellcasting
   641 | D:3      | Reached skill level 5 in Conjurations
   641 | D:3      | Reached skill level 5 in Hexes
   641 | D:3      | Reached skill level 5 in Summonings
   641 | D:3      | Reached skill level 5 in Necromancy
   641 | D:3      | Reached skill level 5 in Translocations
   641 | D:3      | Reached skill level 5 in Transmutations
   641 | D:3      | Reached skill level 5 in Fire Magic
   641 | D:3      | Reached skill level 5 in Ice Magic
   641 | D:3      | Reached skill level 5 in Air Magic
   641 | D:3      | Reached skill level 5 in Earth Magic
   641 | D:3      | Reached skill level 5 in Poison Magic
   741 | D:3      | Found a glowing golden altar of the Shining One.
   806 | D:3      | Found a hazy altar of Hepliaklqana.
   925 | D:3      | Noticed Grinder
   928 | D:3      | Paralysed by Grinder for 4 turns
   934 | D:3      | Killed Grinder
   935 | D:3      | Reached XP level 6. HP: 11/40 MP: 0/0
   953 | D:3      | Found a sacrificial altar of Ru.
  1092 | D:4      | Found a sand-covered staircase.
  1103 | Ossuary  | Entered an ossuary
  1118 | Ossuary  | Reached XP level 7. HP: 34/45 MP: 0/0
  1118 | Ossuary  | Learned a level 2 spell: Static Discharge
  1139 | Ossuary  | Slain by a mummy

Illustrated notes

Levels and vault maps discovered:
D:1:      kb_arrival_jail, layout_rooms, chequers_serial_rivers_small_a,
          chequers_serial_rivers_marsh
D:2:      layout_basic
D:3:      layout_rooms, mainiacjoe_overflow_alcove_2, lemuel_round_altar,
          nicolae_tso_swordbearing_angel, uniq_natasha, uniq_grinder,
          uniq_terence
D:4:      layout_gridville, gup_ossuary_entry_pyramid, uniq_robin
Ossuary:  ossuary_zaba_flooded

Skill      XL: |  1  2  3  4  5  6 |
---------------+-------------------+-----
Spellcasting   | 4 5 6 |  6.5
Conjurations   | 4 5 6 |  6.5
Hexes          | 4 5 6 |  6.5
Summonings     | 4 5 6 |  6.5
Necromancy     | 4 5 6 |  6.5
Translocations | 4 5 6 |  6.5
Transmutations | 4 5 6 |  6.5
Fire Magic     | 4 5 6 |  6.5
Ice Magic      | 4 5 6 |  6.5
Air Magic      | 4 5 6 |  6.5
Earth Magic    | 4 5 6 |  6.5
Poison Magic   | 4 5 6 |  6.5
Dodging        | |  2.1
Stealth        | |  1.5

Action                     |  1- 3 |  4- 6 |  7- 9 || total
---------------------------+-------+-------+-------++-------
  Melee: Unarmed           |       |       |     6 ||     6
   Cast: Magic Dart        |    16 |       |     1 ||    17
         Searing Ray       |     5 |    19 |     3 ||    27
         Sting             |     2 |       |       ||     2
         Fulminant Prism   |       |     1 |     3 ||     4
    Use: Potion            |       |       |     1 ||     1
 Armour: Robe              |     1 |       |     4 ||     5
  Dodge: Dodged            |     1 |     4 |     5 ||    10

Table legend: (Time is in decaauts)
 A = Elapsed time spent in this place.
 B = Non-inter-level travel time spent in this place.
 C = Inter-level travel time spent in this place.
 D = Time resting spent in this place.
 E = Time spent auto-exploring this place.
 F = Levels seen in this place.
 G = Mean time per level.
                   A        B        C        D        E       F      G
               +--------+--------+--------+--------+--------+-----+--------+
         Total |   1135 |   1088 |     47 |     79 |    738 |   5 |  227.0 |
       Dungeon |   1101 |   1054 |     47 |     79 |    735 |   4 |  275.2 |
       Ossuary |     33 |     33 |      0 |      0 |      3 |   1 |   33.0 |
               +--------+--------+--------+--------+--------+-----+--------+

Top non-repeatable levels by time:
     D:3: 628 daAuts
     D:1: 422 daAuts
 Ossuary: 33 daAuts
     D:4: 30 daAuts
     D:2: 19 daAuts
